 Dungeon Crawl Stone Soup version 0.30.1-4-g462c640d31 (webtiles) character file.

Game seed: 17643914355118221600

4918 spardeous the Thaumaturge (level 10, -1/69 HPs)
             Began as a Demigod Conjurer on Sept 2, 2023.
             Slain by a death yak (23 damage)
             ... on level 8 of the Dungeon.
             The game lasted 00:13:45 (11808 turns).

spardeous the Thaumaturge (Demigod Conjurer)       Turns: 11808, Time: 00:13:45

Health: -1/69      AC:  6    Str: 12    XL:     10   Next: 6%
Magic:  5/27       EV: 10    Int: 28    God:
Gold:   444        SH:  0    Dex: 16    Spells: 20/27 levels left

rFire   . . .        j - +9 morningstar "Geym" {venom, *Slow Will++ Dex+4}
rCold   . . .        (no shield)
rNeg    . . .        h - +0 ring mail
rPois   .            (no helmet)
rElec   .            w - +0 cloak
rCorr   +            (no gloves)
SInv    .            (no boots)
Will    +++..        (no amulet)
Stlth   +            x - ring of resist corrosion
HPRegen 0.31/turn    (no ring)
MPRegen 0.20/turn

%: slow self (1%)
@: no status effects
A: high MP 1, forlorn, divine attributes
a: no special abilities


You were on level 8 of the Dungeon.
You visited 1 branch of the dungeon, and saw 8 of its levels.

You collected 444 gold pieces.

Inventory:

Hand Weapons
 j - the +9 morningstar "Geym" (weapon) {venom, *Slow Will++ Dex+4}
   (You found it on level 2 of the Dungeon)

   Dex:       It affects your dexterity (+4).
   *Slow:     It may slow you when you take damage.
   Will:      It greatly increases your willpower.
Missiles
 o - 3 throwing nets
Armour
 a - a +0 robe
 h - a +0 ring mail (worn)
 w - a +0 cloak (worn)
Jewellery
 p - a ring of ice
 x - a ring of resist corrosion (left hand)
Wands
 s - a wand of polymorph (5)
 y - a wand of digging (3)
Scrolls
 c - a scroll of identify
 e - 2 scrolls of vulnerability
 f - a scroll of enchant weapon
 g - a scroll of torment
 i - 3 scrolls of blinking
 k - 2 scrolls of poison
 l - 3 scrolls of magic mapping
 n - 3 scrolls of teleportation
 q - 3 scrolls of immolation
 r - 2 scrolls of fear
 t - a scroll of fog
 A - a scroll of brand weapon
 C - a scroll of enchant armour {unknown}
Potions
 b - 4 potions of magic
 d - 2 potions of curing
 m - 2 potions of haste {unknown}
 u - a potion of berserk rage {unknown}
 v - 2 potions of ambrosia {unknown}
 z - a potion of degeneration {unknown}
 B - a potion of invisibility {unknown}


   Skills:
 - Level 1.7 Dodging
 - Level 1.7 Stealth
 - Level 9.2 Spellcasting
 - Level 8.3 Conjurations
 + Level 6.5 Translocations


You had 20 spell levels left.
You knew the following spells:

 Your Spells              Type           Power      Damage    Failure   Level
a - Magic Dart            Conj           100%       1d8       1%          1
b - Searing Ray           Conj           100%       2d8       1%          2
c - Iskenderun's Mystic   Conj/Tloc      53%        2d11      4%          4

Your spell library contained the following spells:

 Spells                   Type           Power      Damage    Failure   Level
 Dazzling Flash           Conj/Hex       72%        N/A       5%          3
 Cigotuvi's Dreadful Rot  Necr/Pois/Air  24%        N/A       16%         2
 Fulminant Prism          Conj/Hex       18%        3d10      19%         4
 Frozen Ramparts          Ice            24%        1d4       30%         3
 Ignite Poison            Fire/Tmut/Pois 12%        N/A       30%         3
 Freezing Cloud           Conj/Ice/Air   14%        6-21      65%         5
 Ice Form                 Ice/Tmut       12%        N/A       69%         4
 Summon Ice Beast         Ice/Summ       12%        N/A       69%         4


Dungeon Overview and Level Annotations

Branches:
Dungeon (8/15)             Temple (0/1) D:7            Lair (0/5) D:8

Shops:
D:3 (   D:7 ?

Annotations:
D:7 2 transporters, Ishowmeat's ghost, novice MiGl


Innate Abilities, Weirdness & Mutations

You have an increased reservoir of magic. (+10% MP)
You shall have no god before yourself.
Your divine heritage dramatically boosts your attributes as you level up.


Message History

You puncture the death yak!
The death yak is lightly wounded.
The death yak gores you!
Your magical contamination has completely faded away.
You take 6 damage, and have 36/69 hp.
Unknown command.
Unknown command.
The death yak attacks as you move away! The death yak gores you!
* * * LOW HITPOINT WARNING * * *
You take 15 damage, and have 21/69 hp.
MASSIVE DAMAGE!!
Casting: Iskenderun's Mystic Blast (dangerous; 4% risk of failure)
Confirm with . or Enter, or press ? or * to list all spells.
You erupt in a blast of force!
The mystic blast hits the death yak!
The death yak is moderately wounded.
The death yak is knocked back by the mystic blast.
The mystic blast hits the death yak!
The death yak is moderately wounded.
The death yak is knocked back by the mystic blast.
You now have 13/27 mp.
Unknown command.
Unknown command.
Casting: Iskenderun's Mystic Blast (dangerous; 4% risk of failure)
Confirm with . or Enter, or press ? or * to list all spells.
You erupt in a blast of force!
The mystic blast hits the death yak but does no damage.
The death yak is moderately wounded.
The mystic blast hits the death yak but does no damage.
The death yak is moderately wounded.
You now have 9/27 mp.
Casting: Iskenderun's Mystic Blast (dangerous; 4% risk of failure)
Confirm with . or Enter, or press ? or * to list all spells.
You erupt in a blast of force!
The mystic blast hits the death yak!
The death yak is heavily wounded.
The death yak is knocked back by the mystic blast.
The death yak slams into the rock wall!
The death yak is heavily wounded.
The mystic blast hits the death yak!
The death yak is heavily wounded.
The death yak gores you!!
You die...

#........###..#.#
#............##.# #### .#
#........##...#.# #.. ..#
#...............#
#.###..#
#..............####.....#
#....................##
#................#..###.
## ###
#########.........>.#
#.##. ). #......#@..Y#
....#####. #......#Y#..#
#......#.
#......#.##.#####.....Y..
#.......†$....#........##
####.#..#..........r..###
#...!............# #
#................###
#....##.............
#..... .....r.......


You could see 2 death yaks.

Vanquished Creatures
  A two-headed ogre (D:7)
  Joseph (D:7)
  Prince Ribbit (D:5)
  4 yaks (D:6)
  3 steam dragons
  3 orc warriors
  A black bear (D:6)
  2 ice beasts (D:7)
  3 ogres (D:5)
  A centaur (D:4)
  3 phantoms
  2 kobold brigands (D:7)
  A bullfrog (D:8)
  7 scorpions
  A wight (D:6)
  A vampire bat (D:5)
  6 howler monkeys
  4 orc priests
  3 jellies
  4 hounds
  A gnoll bouda (D:4)
  2 iguanas (D:5)
  4 orc wizards
  13 gnolls
  4 adders
  A river rat (D:8)
  A shadow imp (D:7)
  A white imp (D:5)
  3 ufetubi
  5 worms
  3 dart slugs
  23 orcs
  10 bats
  8 endoplasms
  5 giant cockroaches
  9 goblins
  2 hobgoblins (D:2)
  2 jackals (D:4)
  9 kobolds
  12 quokkas
  9 ball pythons
  3 frilled lizards (D:2)
  5 rats
187 creatures vanquished.

Notes
Turn   | Place    | Note
-------+----------+-------------------------------------------
     0 | D:1      | spardeous the Demigod Conjurer began the quest for the Orb.
     0 | D:1      | Reached XP level 1. HP: 14/14 MP: 5/5
   152 | D:1      | Reached skill level 2 in Spellcasting
   489 | D:1      | Reached XP level 2. HP: 20/20 MP: 4/7
   677 | D:2      | Learned a level 2 spell: Searing Ray
  1139 | D:2      | Reached XP level 3. HP: 26/26 MP: 2/9
  1324 | D:2      | Identified the +9 morningstar "Geym" {venom, *Slow Will++
                  | Dex+4}
  1492 | D:2      | Reached skill level 3 in Spellcasting
  1492 | D:2      | Reached XP level 4. HP: 33/33 MP: 5/11
  1626 | D:2      | Learned a level 4 spell: Iskenderun's Mystic Blast
  2684 | D:3      | Found Onuwif's Weapon Shop.
  3698 | D:4      | Reached XP level 5. HP: 38/38 MP: 9/13
  3779 | D:4      | Reached skill level 5 in Conjurations
  3999 | D:4      | Noticed a centaur
  4006 | D:4      | Killed a centaur
  4007 | D:4      | Reached skill level 4 in Spellcasting
  4008 | D:4      | Reached XP level 6. HP: 16/45 MP: 6/15
  4832 | D:5      | Entered Level 5 of the Dungeon
  5013 | D:5      | Reached XP level 7. HP: 34/50 MP: 17/17
  5070 | D:5      | Noticed Prince Ribbit
  5076 | D:5      | Killed Prince Ribbit
  5077 | D:5      | Reached skill level 5 in Spellcasting
  5684 | D:5      | Reached skill level 6 in Spellcasting
  5746 | D:5      | Reached XP level 8. HP: 57/57 MP: 14/20
  6437 | D:6      | Reached skill level 7 in Spellcasting
  6582 | D:6      | Reached skill level 1 in Translocations
  7474 | D:6      | Reached XP level 9. HP: 16/62 MP: 19/24
  7742 | D:6      | Reached skill level 8 in Spellcasting
  9893 | D:7      | Noticed Ishowmeat's ghost (novice MiGl)
  9928 | D:7      | Reached skill level 5 in Translocations
 10060 | D:7      | Noticed a two-headed ogre
 10069 | D:7      | Killed a two-headed ogre
 10070 | D:7      | Reached skill level 9 in Spellcasting
 10358 | D:7      | Noticed Joseph
 10370 | D:7      | Killed Joseph
 10490 | D:7      | Reached XP level 10. HP: 56/69 MP: 18/27
 10574 | D:7      | Found Ytsuonix's Magic Scroll Boutique.
 10682 | D:7      | Found a transporter.
 10684 | D:7      | Found a transporter.
 10805 | D:7      | Found a staircase to the Ecumenical Temple.
 10939 | D:8      | Noticed a death yak
 11792 | D:8      | Noticed a death yak
 11792 | D:8      | Noticed a death yak
 11793 | D:8      | Found a staircase to the Lair.
 11808 | D:8      | Slain by a death yak

Illustrated notes

Levels and vault maps discovered:
D:1:      roderic_chinese_lattice_arrival, layout_loops_ring,
          nicolae_concentric_dashed_squares_wild
D:2:      minmay_general_purpose_star, layout_basic, serial_forest,
          infiniplex_forest_lined_4_way, infiniplex_forest_end_double,
          infiniplex_forest_lined_room_2, infiniplex_forest_clump_double,
          infiniplex_forest_straight_3, infiniplex_forest_lined_room_2,
          infiniplex_forest_end_2
D:3:      layout_basic, serial_shops, shop
D:4:      layout_cave_pools, serial_park_tiny_1
D:5:      layout_rooms, roderic_batcave, uniq_prince_ribbit1
D:6:      layout_basic, minmay_fractal_squares_diagonal_5
D:7:      layout_basic, minmay_temple_entry_enclosed_plants, nzn_ghost_randoct,
          serial_shops, nicolae_shop_rolled_up, uniq_joseph
D:8:      layout_basic, dpeg_lair_monsters

Skill      XL: |  1  2  3  4  5  6  7  8  9 |
---------------+----------------------------+-----
Spellcasting   | 2 3 4 6 7 9 |  9.2
Conjurations   | 4 5 6 7 8 |  8.3
Translocations | 2 6 |  6.5
Dodging        | |  1.7
Stealth        | |  1.7

Action                     |  1- 3 |  4- 6 |  7- 9 | 10-12 || total
---------------------------+-------+-------+-------+-------++-------
  Melee: Morningstar       |     8 |    18 |    20 |    11 ||    57
   Cast: Magic Dart        |    33 |    68 |    12 |       ||   113
         Searing Ray       |     7 |     8 |    68 |     1 ||    84
         Iskenderun's Myst |       |       |    13 |    26 ||    39
    Use: Potion            |       |     4 |     3 |       ||     7
         Scroll            |       |       |       |    11 ||    11
 Armour: Ring mail         |     3 |    24 |    45 |     5 ||    77
  Dodge: Dodged            |     4 |    45 |    81 |     4 ||   134
